PCL
CALGARY COWBOYS @ GRESHAM GOLD SOULS
09/09/2026
 
TOP OF THE 1ST
Calgary Cowboys batting - Pitching for Gresham Gold Souls : LHP Kip Manning
Pitching: LHP Kip Manning
Batting: RHB Luis Peña 0-0: Fly out, F4 (Popup, 9LS)
Batting: RHB Jorge Balencia 0-0: Ball
1-0: Foul Ball, location: 2F
1-1: Foul Ball, location: 2F
1-2: Ball
2-2: Strikes out swinging
Batting: RHB Clark Hodge 0-0: Swinging Strike
0-1: Swinging Strike
0-2: Strikes out swinging
Top of the 1st over - 0 run(s), 0 hit(s), 0 error(s), 0 left on base; Calgary 0 - Gresham 0
BOTTOM OF THE 1ST
Gresham Gold Souls batting - Pitching for Calgary Cowboys : RHP Pedro Leal
Pitching: RHP Pedro Leal
Batting: LHB Bill Smith 0-0: Ball
1-0: Called Strike
1-1: Fly out, F8 (Flyball, 8LS)
Batting: SHB Sean Carr 0-0: Called Strike
0-1: Ball
1-1: Ball
2-1: Ball
3-1: Base on Balls
Batting: RHB Peter Hensley 0-0: Ball
1-0: Grounds into double play, 6-4-3 (Groundball, 6)
Bottom of the 1st over - 0 run(s), 0 hit(s), 0 error(s), 0 left on base; Calgary 0 - Gresham 0
TOP OF THE 2ND
Calgary Cowboys batting - Pitching for Gresham Gold Souls : LHP Kip Manning
Batting: LHB Miguel Pérez 0-0: Called Strike
0-1: Fly out, F7 (Flyball, 78S)
Batting: RHB Ramón Martínez 0-0: Swinging Strike
0-1: Foul Ball, location: 2F
0-2: Ball
1-2: Ball
2-2: Foul Ball, location: 2F
2-2: Strikes out swinging
Batting: RHB Dan Wyatt 0-0: Foul Ball, location: 2F
0-1: Ball
1-1: Foul Ball, location: 2F
1-2: Foul Ball, location: 2F
1-2: Ball
2-2: Ball
3-2: Fly out, F8 (Flyball, 8LM)
Top of the 2nd over - 0 run(s), 0 hit(s), 0 error(s), 0 left on base; Calgary 0 - Gresham 0
BOTTOM OF THE 2ND
Gresham Gold Souls batting - Pitching for Calgary Cowboys : RHP Pedro Leal
Batting: RHB Lorenzo Morín 0-0: Ball
1-0: Foul Ball, location: 2F
1-1: Foul Ball, location: 2F
1-2: Fly out, F3 (Popup, 23F)
Batting: RHB Mario Méndez 0-0: Ball
1-0: Foul Ball, location: 2F
1-1: Ball
2-1: Ground out 4-3 (Groundball, 4M)
Batting: RHB Matt Davidson 0-0: Ball
1-0: Ball
2-0: Ball
3-0: Called Strike
3-1: Foul Ball, location: 2F
3-2: Strikes out looking
Bottom of the 2nd over - 0 run(s), 0 hit(s), 0 error(s), 0 left on base; Calgary 0 - Gresham 0
TOP OF THE 3RD
Calgary Cowboys batting - Pitching for Gresham Gold Souls : LHP Kip Manning
Batting: RHB Shayne Burry 0-0: Swinging Strike
0-1: Ball
1-1: Ball
2-1: Ball
3-1: Foul Ball, location: 2F
3-2: Fly out, F7 (Flyball, 7LMF)
Batting: LHB Freddy Herrera 0-0: Called Strike
0-1: Swinging Strike
0-2: Ground out 4-3 (Groundball, 4)
Batting: RHB Iain Liefting 0-0: Fly out, F6 (Popup, 6M)
Top of the 3rd over - 0 run(s), 0 hit(s), 0 error(s), 0 left on base; Calgary 0 - Gresham 0
BOTTOM OF THE 3RD
Gresham Gold Souls batting - Pitching for Calgary Cowboys : RHP Pedro Leal
Batting: SHB Todd Smith 0-0: Ball
1-0: Foul Ball, location: 2F
1-1: Ball
2-1: SINGLE (Line Drive, 6M)
Batting: RHB Pablo Castillo 0-0: Ball
1-0: SINGLE (Groundball, 5)
Todd Smith to second
Batting: RHB Jim Edgar 0-0: Fly out, F6 (Line Drive, 6)
Batting: LHB Bill Smith 0-0: Fly out, F7 (Line Drive, 7M)
Batting: SHB Sean Carr 0-0: SINGLE (Popup, 56D)
Todd Smith to third
Pablo Castillo to second
Runner from 3rd tries for Home, SAFE, no throw or cutoff
Batting: RHB Peter Hensley 0-0: Ball
1-0: Called Strike
1-1: Ball
2-1: Ground out 5-3 (Groundball, 56)
Bottom of the 3rd over - 1 run(s), 3 hit(s), 0 error(s), 2 left on base; Calgary 0 - Gresham 1
TOP OF THE 4TH
Calgary Cowboys batting - Pitching for Gresham Gold Souls : LHP Kip Manning
Batting: RHB Luis Peña 0-0: Called Strike
0-1: Ball
1-1: Ball
2-1: Foul Ball, location: 2F
2-2: Foul Ball, location: 2F
2-2: Foul Ball, location: 2F
2-2: Ground out 6-3 (Groundball, 6)
Batting: RHB Jorge Balencia 0-0: Ball
1-0: Ball
2-0: Swinging Strike
2-1: Called Strike
2-2: Strikes out swinging
Batting: RHB Clark Hodge 0-0: Foul Ball, location: 2F
0-1: Ball
1-1: Ball
2-1: Foul Ball, location: 2F
2-2: Ball
3-2: Base on Balls
Batting: LHB Miguel Pérez 0-0: Ball
1-0: Called Strike
1-1: Ball
2-1: Called Strike
2-2: Fly out, F7 (Flyball, 7M)
Top of the 4th over - 0 run(s), 0 hit(s), 0 error(s), 1 left on base; Calgary 0 - Gresham 1
BOTTOM OF THE 4TH
Gresham Gold Souls batting - Pitching for Calgary Cowboys : RHP Pedro Leal
Batting: RHB Lorenzo Morín 0-0: Ball
1-0: Called Strike
1-1: DOUBLE (Groundball, 5L)
Batting: RHB Mario Méndez 0-0: DOUBLE (Line Drive, 8LXD)
Lorenzo Morín scores
Batting: RHB Matt Davidson 0-0: Ball
1-0: Swinging Strike
1-1: Called Strike
1-2: Ball
2-2: Fly out, F9 (Flyball, 9M)
Batting: SHB Todd Smith 0-0: Fly out, F7 (Flyball, 78D)
Batting: RHB Pablo Castillo 0-0: Called Strike
0-1: DOUBLE (Groundball, 5L)
Mario Méndez scores
Batting: RHB Jim Edgar 0-0: Ball
1-0: Foul Ball, location: 2F
1-1: Ball
2-1: Ball
3-1: Base on Balls
Batting: LHB Bill Smith 0-0: Foul Ball, location: 2F
0-1: Called Strike
0-2: Ball
1-2: Strikes out swinging
Bottom of the 4th over - 2 run(s), 3 hit(s), 0 error(s), 2 left on base; Calgary 0 - Gresham 3
TOP OF THE 5TH
Calgary Cowboys batting - Pitching for Gresham Gold Souls : LHP Kip Manning
Batting: RHB Ramón Martínez 0-0: Fly out, F3 (Popup, 3L)
Batting: RHB Dan Wyatt 0-0: Ball
1-0: Foul Ball, location: 2F
1-1: Foul Ball, location: 2F
1-2: Ball
2-2: Foul Ball, location: 2F
2-2: SINGLE (Groundball, 56D)
Batting: RHB Shayne Burry 0-0: Called Strike
0-1: Ball
1-1: Ball
2-1: Grounds into double play, 4-6-3 (Groundball, 34)
Top of the 5th over - 0 run(s), 1 hit(s), 0 error(s), 0 left on base; Calgary 0 - Gresham 3
BOTTOM OF THE 5TH
Gresham Gold Souls batting - Pitching for Calgary Cowboys : RHP Pedro Leal
Batting: SHB Sean Carr 0-0: Called Strike
0-1: DOUBLE (Flyball, 7LM)
Batting: RHB Peter Hensley 0-0: Fly out, F7 (Flyball, 8LXD)
Runner from 2nd tags up, SAFE at 3rd, no throw
Batting: RHB Lorenzo Morín 0-0: Ball
1-0: SINGLE (Groundball, 6)
Sean Carr scores
Batting: RHB Mario Méndez 0-0: Ball
1-0: Ball
2-0: Grounds into double play, 6-4-3 (Groundball, 6)
Bottom of the 5th over - 1 run(s), 2 hit(s), 0 error(s), 0 left on base; Calgary 0 - Gresham 4
TOP OF THE 6TH
Calgary Cowboys batting - Pitching for Gresham Gold Souls : LHP Kip Manning
Batting: LHB Freddy Herrera 0-0: Ball
1-0: Ball
2-0: Ground out 6-3 (Groundball, 6M)
Batting: RHB Iain Liefting 0-0: Ball
1-0: Ball
2-0: Foul Ball, location: 2F
2-1: Foul Ball, location: 2F
2-2: Foul Ball, location: 2F
2-2: Foul Ball, location: 2F
2-2: Ball
3-2: Strikes out swinging
Batting: RHB Luis Peña 0-0: Foul Ball, location: 2F
0-1: Foul Ball, location: 2F
0-2: Ball
1-2: Foul Ball, location: 2F
1-2: Strikes out looking
Top of the 6th over - 0 run(s), 0 hit(s), 0 error(s), 0 left on base; Calgary 0 - Gresham 4
BOTTOM OF THE 6TH
Gresham Gold Souls batting - Pitching for Calgary Cowboys : RHP Pedro Leal
Batting: RHB Matt Davidson 0-0: Called Strike
0-1: Foul Ball, location: 2F
0-2: Ball
1-2: Fly out, F7 (Flyball, 78D)
Batting: SHB Todd Smith 0-0: DOUBLE (Flyball, 8LXD)
Batting: RHB Pablo Castillo 0-0: Intentional Walk
Batting: RHB Jim Edgar 0-0: Foul Ball, location: 2F
0-1: Ball
1-1: Reached on error, E6 (Groundball, 56)
Todd Smith to third
Pablo Castillo to second
Batting: LHB Bill Smith 0-0: Called Strike
0-1: Ball
1-1: Ball
2-1: Ball
3-1: SINGLE (Flyball, 78S)
Todd Smith scores
Pablo Castillo to third
Jim Edgar to second
Runner from 3rd tries for Home, SAFE, throw made home
Jim Edgar to third
Bill Smith to second
Batting: SHB Sean Carr 0-0: Ball
1-0: Called Strike
1-1: Ground out 6-3 (Groundball, 6)
Jim Edgar scores
Batting: RHB Peter Hensley 0-0: Ball
1-0: Foul Ball, location: 2F
1-1: Foul Ball, location: 2F
1-2: Ball
2-2: Strikes out swinging
Bottom of the 6th over - 3 run(s), 2 hit(s), 1 error(s), 1 left on base; Calgary 0 - Gresham 7
TOP OF THE 7TH
Calgary Cowboys batting - Pitching for Gresham Gold Souls : LHP Kip Manning
Batting: RHB Jorge Balencia 0-0: Called Strike
0-1: SOLO HOME RUN (Flyball, 89XD), Distance : 417 ft
Batting: RHB Clark Hodge 0-0: Called Strike
0-1: Ball
1-1: Ball
2-1: Foul Ball, location: 2F
2-2: Strikes out looking
Batting: LHB Miguel Pérez 0-0: Called Strike
0-1: Ball
1-1: DOUBLE (Line Drive, 89D)
Pitching: RHP León Trevino
Batting: RHB Ramón Martínez 0-0: Called Strike
0-1: Fly out, F6 (Line Drive, 6)
Batting: RHB Dan Wyatt 0-0: Called Strike
0-1: Called Strike
0-2: Ball
1-2: Foul Ball, location: 2F
1-2: Strikes out looking
Top of the 7th over - 1 run(s), 2 hit(s), 0 error(s), 1 left on base; Calgary 1 - Gresham 7
BOTTOM OF THE 7TH
Gresham Gold Souls batting - Pitching for Calgary Cowboys : RHP Pedro Leal
Batting: RHB Lorenzo Morín 0-0: Called Strike
0-1: Ball
1-1: Ball
2-1: Foul Ball, location: 2F
2-2: Ball
3-2: Base on Balls
Pitching: RHP Michael Walton
Batting: RHB Mario Méndez 0-0: Foul Ball, location: 2F
0-1: Foul Ball, location: 2F
0-2: Foul Ball, location: 2F
0-2: Ball
1-2: Ball
2-2: 2-RUN HOME RUN (Flyball, 7D), Distance : 376 ft
Batting: RHB Matt Davidson 0-0: Ball
1-0: Swinging Strike
1-1: SOLO HOME RUN (Flyball, 7D), Distance : 378 ft
Batting: SHB Todd Smith 0-0: Called Strike
0-1: Ball
1-1: Ground out 4-3 (Groundball, 34)
Batting: RHB Pablo Castillo 0-0: Ball
1-0: Called Strike
1-1: SINGLE (Groundball, 56D)
Batting: RHB Jim Edgar 0-0: Called Strike
0-1: Called Strike
0-2: Ball
1-2: 2-RUN HOME RUN (Flyball, 7D), Distance : 392 ft
Pitching: RHP Arthur Benson
Batting: LHB Bill Smith 0-0: SINGLE (Line Drive, 8RS)
Batting: SHB Sean Carr 0-0: Swinging Strike
0-1: Ball
1-1: Ball
2-1: Ball
3-1: Base on Balls
Bill Smith to second
Batting: RHB Peter Hensley 0-0: Ball
1-0: Fielders Choice at 2nd, 2-6 (Groundball, 2L)
Bill Smith to third
Batting: RHB Lorenzo Morín 0-0: Ball
1-0: SINGLE (Line Drive, 7LS)
Bill Smith scores
Peter Hensley to second
Batting: RHB Mario Méndez 0-0: Ball
1-0: Ball
2-0: Foul Ball, location: 2F
2-1: Ground out 5-3 (Groundball, 56)
Bottom of the 7th over - 6 run(s), 6 hit(s), 0 error(s), 2 left on base; Calgary 1 - Gresham 13
TOP OF THE 8TH
Calgary Cowboys batting - Pitching for Gresham Gold Souls : RHP León Trevino
Now at C: Luke McIndoe
Batting: RHB Shayne Burry 0-0: Ball
1-0: Foul Ball, location: 2F
1-1: Ground out 1-3 (Groundball, 25)
Batting: LHB Freddy Herrera 0-0: Ball
1-0: Called Strike
1-1: Ball
2-1: Bunted foul
2-2: Strikes out looking
Batting: RHB Iain Liefting 0-0: Ball
1-0: Swinging Strike
1-1: Called Strike
1-2: Strikes out swinging
Top of the 8th over - 0 run(s), 0 hit(s), 0 error(s), 0 left on base; Calgary 1 - Gresham 13
BOTTOM OF THE 8TH
Gresham Gold Souls batting - Pitching for Calgary Cowboys : RHP Arthur Benson
Batting: RHB Matt Davidson 0-0: Ball
1-0: Ball
2-0: Foul Ball, location: 2F
2-1: Foul Ball, location: 2F
2-2: Strikes out swinging
Batting: SHB Todd Smith 0-0: Fly out, F8 (Flyball, 8LD)
Batting: RHB Pablo Castillo 0-0: Called Strike
0-1: Ground out 5-3 (Groundball, 56)
Bottom of the 8th over - 0 run(s), 0 hit(s), 0 error(s), 0 left on base; Calgary 1 - Gresham 13
TOP OF THE 9TH
Calgary Cowboys batting - Pitching for Gresham Gold Souls : RHP León Trevino
Now in CF: Jeff McKinney
Batting: RHB Luis Peña 0-0: Swinging Strike
0-1: Ball
1-1: Foul Ball, location: 2F
1-2: Ball
2-2: Foul Ball, location: 2F
2-2: SINGLE (Line Drive, 7S)
Batting: RHB Jorge Balencia 0-0: Ball
1-0: Called Strike
1-1: Fielders Choice at 2nd, 3-6 (Groundball, 3)
Batting: RHB Clark Hodge 0-0: Fly out, F3 (Popup, 34)
Batting: LHB Miguel Pérez 0-0: Called Strike
0-1: Foul Ball, location: 2F
0-2: Strikes out swinging
Top of the 9th over - 0 run(s), 1 hit(s), 0 error(s), 1 left on base; Calgary 1 - Gresham 13
Monday, December 5th, 2016 - OOTP Baseball 17.12 Build 75